Map: Abyssal Reef LE

Players

Grimm

  • Race: Zerg Zerg
  • Spawn Location: 5:00

Driduna - Winner!

  • Race: Terran Terran
  • Spawn Location: 11:00

VOD

Have the link to the VOD?

Description

Time

  • Played on: Nov. 18, 2017, 3:13 p.m.
  • Length: 19:02
Show
View Real Time Build Order
Export as new Build Order

Grimm Zerg 

Build Orders: Pool First 

Get SALT Encoding   

  12  0:01  Drone  
  13  0:14  Overlord  
  13  0:18  Drone  
  14  0:29  Extractor  
  14  0:30  Drone  
  14  0:34  Drone  
  16  0:40  Drone  
  17  0:50  Spawning Pool  
  17  0:52  Drone  
  17  1:06  Overlord  
  17  1:24  Hatchery  
  16  1:26  Extractor  
  16  1:28  Drone x2  
  17  1:37  Zergling x2  
  17  1:39  Queen  
  20  1:48  Drone  
  20  1:53  Drone  
  22  2:13  Drone  
  23  2:16  Drone  
  24  2:28  Drone  
  25  2:37  Zergling x4  
  26  2:48  Lair  
  26  2:56  Extractor  
  25  3:02  Spine Crawler  
  25  3:03  Overlord  
  24  3:06  Drone  
  24  3:07  Drone x4  
  24  3:12  Zergling x2  
  30  3:13  Queen  
  32  3:45  Roach Warren  
  32  3:46  Drone  
  32  3:47  Drone x3  
  33  4:15  Drone  
  33  4:16  Drone x4  
  38  4:29  Overlord  
  38  4:30  Queen  
  40  4:36  Glial Reconstitution  
  40  4:39  Hatchery  
  40  4:44  Evolution Chamber  
  37  4:47  Spore Crawler  
  37  4:51  Roach x8  
  52  5:08  Overlord  
  52  5:25  Queen x2, Overlord x2  
  56  5:28  Roach  
  56  5:29  Roach  
  60  5:40  Overlord x2  
  60  5:41  Overlord x2  
  60  5:57  Drone  
  60  5:58  Drone x6  
  67  6:04  Extractor  
  67  6:05  Extractor  
  67  6:08  Pneumatized Carapace  
  65  6:15  Zerg Ground Armor Level 1  
  65  6:17  Drone x3  
  69  6:18  Drone x2  
  69  6:19  Drone  
  69  6:22  Drone  
  72  6:41  Roach  
  72  6:42  Roach x6  
  86  7:06  Hydralisk Den  
  85  7:11  Drone x2  
  85  7:13  Drone x2  
  85  7:15  Nydus Network  
  88  7:21  Spore Crawler  
  53  7:48  Roach  
  53  7:49  Roach x8  
  71  8:01  Drone  
  72  8:25  Spine Crawler, Drone x3  
  74  8:29  Zerg Ground Armor Level 2  
  74  8:31  Spore Crawler  
  73  8:38  Evolution Chamber  
  73  8:39  Hydralisk  
  73  8:40  Hydralisk x5  
  84  8:41  Roach  
  84  8:42  Roach x7  
  100  9:08  Overlord x2  
  100  9:09  Overlord x2  
  100  9:24  Overseer  
  100  9:35  Roach x5  
  100  9:36  Roach x10  
  130  9:45  Drone  
  130  9:46  Drone  
  132  10:05  Baneling Nest  
  131  10:08  Overlord x2  
  131  10:12  Roach  
  131  10:13  Roach x2  
  137  11:08  Nydus Canal  
  117  11:41  Roach x15  
  117  11:42  Roach  
  145  12:09  Zerg Melee Weapons Level 1  
  145  12:11  Muscular Augments  
  145  12:13  Metabolic Boost  
  145  12:14  Tunneling Claws, Hatchery  
  144  12:27  Infestation Pit  
  143  12:48  Hydralisk  
  145  12:51  Overlord x3  
  145  12:52  Overlord x2  
  103  13:19  Roach  
  85  13:20  Roach x20  
  117  13:28  Overseer x4  
  117  13:40  Queen  
  115  13:44  Overlord x3  
  114  13:48  Zergling x2  
  114  13:49  Zergling x10  
  117  13:59  Spine Crawler  
  117  14:02  Spine Crawler  
  115  14:27  Roach x12  
  115  14:28  Roach x6  
  139  14:59  Zergling x16  
  134  15:00  Zergling x22  
  113  15:30  Baneling  
  113  15:31  Baneling x7  
  113  15:32  Baneling x2  
  113  15:33  Roach  
  113  15:34  Roach x11  
  128  16:04  Spire  
  82  16:20  Roach  
  82  16:21  Roach x20  
  124  16:26  Hive  
  124  17:08  Hydralisk x8  
  126  17:09  Hydralisk  
  142  17:21  Hatchery  
  141  17:28  Drone x5  
  146  17:31  Drone x4  
  150  17:38  Mutalisk  
  150  17:39  Mutalisk x2  
  156  17:46  Zergling x8  
  76  18:08  Roach  
  76  18:09  Roach x7  
  55  18:36  Ultralisk Cavern  
Show
View Real Time Build Order
Export as new Build Order

Driduna Terran - Winner!

Build Orders:  

Get SALT Encoding   

  12  0:01  SCV  
  13  0:13  SCV  
  14  0:19  Supply Depot  
  14  0:25  SCV  
  15  0:41  SCV  
  16  0:43  Barracks  
  16  0:53  SCV  
  17  1:13  Command Center  
  17  1:17  SCV  
  18  1:30  Supply Depot, SCV  
  18  1:31  Marine  
  20  1:42  SCV  
  21  1:49  Marine  
  23  2:05  SCV  
  23  2:07  Marine  
  24  2:17  SCV  
  25  2:25  Marine  
  25  2:29  SCV  
  27  2:41  SCV  
  27  2:43  Bunker  
  28  2:53  SCV  
  28  2:54  SCV  
  30  3:05  SCV  
  30  3:06  SCV  
  30  3:11  Marine  
  32  3:15  Refinery  
  32  3:16  Refinery  
  32  3:17  SCV  
  32  3:18  SCV  
  34  3:27  Supply Depot  
  34  3:29  Marine  
  34  3:30  SCV  
  34  3:33  Barracks  
  36  3:35  Barracks  
  36  3:43  SCV  
  36  3:47  SCV, Marine  
  39  3:59  SCV  
  40  4:04  Marine  
  41  4:12  SCV  
  42  4:19  Supply Depot  
  42  4:22  Marine  
  42  4:24  SCV, Engineering Bay  
  44  4:31  Barracks Reactor, Barracks Tech Lab  
  44  4:36  Factory, Orbital Command, SCV  
  45  4:41  Marine  
  46  4:48  SCV  
  46  4:52  Stimpack  
  46  4:53  Marauder  
  46  4:59  Marine  
  49  5:00  SCV  
  49  5:06  Sensor Tower  
  50  5:08  Supply Depot  
  50  5:12  SCV  
  50  5:13  Refinery, Marine x2  
  53  5:14  Refinery  
  53  5:17  Marine  
  53  5:19  Marauder  
  56  5:24  Factory Tech Lab, SCV  
  57  5:28  Missile Turret  
  57  5:34  Missile Turret, Terran Infantry Weapons Level 1  
  57  5:36  SCV  
  58  5:43  Supply Depot  
  58  5:46  Starport  
  58  5:49  SCV  
  58  6:00  Marine x2  
  58  6:01  SCV  
  58  6:02  Marauder  
  58  6:03  Marine  
  64  6:05  Siege Tank  
  67  6:13  Barracks, SCV  
  68  6:19  Missile Turret, Barracks  
  68  6:25  SCV  
  68  6:27  Supply Depot  
  68  6:28  Orbital Command  
  68  6:30  Viking  
  71  6:36  Factory  
  71  6:38  SCV  
  71  6:39  Marauder, Marine x3  
  77  6:50  SCV  
  78  7:02  SCV  
  78  7:04  Marine x3  
  78  7:05  Marine  
  83  7:19  Missile Turret  
  83  7:22  Marine x2  
  83  7:46  Factory Tech Lab  
  83  7:48  Siege Tank  
  86  7:54  Starport Reactor  
  86  8:05  Supply Depot, Terran Infantry Armor Level 1  
  86  8:12  Armory  
  86  8:17  Barracks Reactor  
  86  8:20  Missile Turret  
  86  8:25  Barracks Reactor  
  86  8:26  SCV, Siege Tank  
  90  8:28  Supply Depot, Barracks Tech Lab  
  90  8:30  Supply Depot  
  90  8:38  SCV  
  91  8:51  SCV  
  92  9:17  Command Center  
  92  9:27  Marine  
  92  9:28  Marauder, Marine  
  96  9:50  Marauder  
  98  9:53  Barracks Tech Lab  
  98  10:10  Marine  
  99  10:18  Siege Tank  
  99  10:19  Siege Tank  
  105  10:24  Missile Turret  
  105  10:29  Marauder, Engineering Bay  
  105  10:31  Supply Depot, Terran Infantry Weapons Level 2  
  105  10:32  Supply Depot  
  105  10:34  Medivac  
  105  10:35  Medivac  
  111  10:39  SCV  
  112  10:50  Marine  
  112  10:51  SCV  
  114  11:04  SCV  
  115  11:06  Supply Depot  
  115  11:15  Siege Tank  
  115  11:16  Marine, SCV, Siege Tank  
  115  11:17  Marauder, Supply Depot x2  
  115  11:18  Marine  
  116  11:42  Marine  
  116  11:43  Marine  
  116  11:44  Marauder  
  120  11:54  Refinery  
  120  11:55  Refinery  
  120  11:59  Barracks x2  
  120  12:00  Marine  
  120  12:01  Marine  
  122  12:02  Barracks x2  
  122  12:05  Marauder  
  124  12:13  Engineering Bay  
  124  12:26  Marauder  
  124  12:27  Barracks Reactor, Barracks Tech Lab  
  126  12:47  Command Center  
  126  12:49  SCV  
  127  12:51  Barracks Reactor  
  127  12:52  Barracks Tech Lab  
  127  12:53  Barracks Reactor, Barracks Tech Lab  
  127  12:59  Barracks  
  127  13:01  SCV  
  127  13:03  Marauder, Barracks x2, Marine x4  
  127  13:04  Marauder  
  121  13:13  SCV  
  108  13:25  Marauder, SCV  
  97  13:37  SCV  
  93  13:52  Marine x2  
  93  13:53  Marauder x3, Marine x3  
  93  13:54  Marauder  
  104  13:59  Marine  
  104  14:00  Marine x3  
  104  14:01  Marine  
  108  14:07  Medivac x2  
  110  14:10  Marine  
  110  14:14  Marauder x2  
  110  14:15  Marauder x2  
  119  14:19  Marine  
  119  14:20  Marine x4  
  119  14:21  Marine x3  
  119  14:22  Marine  
  128  14:28  Marine  
  128  14:29  Terran Infantry Armor Level 2  
  128  14:31  Terran Infantry Weapons Level 3  
  129  14:36  Marauder x4  
  129  14:37  Marine x2  
  129  14:38  Marine x3  
  140  14:39  Marine x2  
  137  14:57  Marauder x3  
  137  14:58  Marauder  
  141  15:06  Marine x3  
  141  15:07  Marine  
  137  15:18  Marauder  
  137  15:19  Marauder x3  
  132  15:28  Marine  
  132  15:29  Marine x3  
  132  15:30  Marine  
  132  15:34  Medivac  
  132  15:35  Medivac  
  141  15:38  Supply Depot  
  141  15:40  Marauder x3, Supply Depot  
  141  15:41  Marauder  
  149  15:42  Supply Depot  
  149  15:43  Supply Depot  
  149  15:46  SCV  
  149  15:58  SCV  
  149  15:59  Marine  
  149  16:00  Marine x2  
  149  16:01  Marauder x2, Marine  
  149  16:02  Marauder x2  
  162  16:10  SCV  
  148  16:22  Marauder, SCV  
  148  16:23  Marauder x3  
  157  16:34  SCV  
  157  16:38  Marine x4  
  157  16:39  Marine x4  
  166  16:43  Concussive Shells  
  166  16:44  Marauder x3, Combat Shields  
  166  16:45  Marauder  
  166  16:46  Orbital Command  
  174  16:48  Orbital Command  
  174  17:05  Marauder  
  174  17:06  Marauder x2  
  180  17:24  Command Center  
  180  17:39  Siege Tank x2  
  165  18:33  Marine x2  
  165  18:34  Marauder x3, Marine x4  
  171  18:35  Marauder, Marine x4  
Tags
 
Matchup
TvZ
Opening
Pool First
Spawn Locations
Cross Positions
Add a new tag
Caveats
  • Supply blocks, unpowered buildings, or Contaminate may cause inaccurate times.
  • Supply counts are checked every 10 seconds.